[Event "SUNWAY"]
[Date "2016.12.23"]
[Round "9.1"]
[White "Sasikiran, Krishnan"]
[Black "Edouard, Romain"]
[Result "1/2-1/2"]
[WhiteElo "2661"]
[BlackElo "2611"]
[ECO "B70"]
[WhiteFed "IND"]
[BlackFed "FRA"]
[FCGameId "-292179041"]
[TimeControl "5400+30"]

1. e4 c5 2. Nf3 d6 3. d4 cxd4 4. Nxd4 Nf6 5. Nc3 g6 6. Bc4 Bg7 7. h3 O-O 8. O-O Nc6 9. Nf3 Na5 10. Bd3 Be6 11. Qe2 Rc8 12. Rd1 Qe8 13. Rb1 a6 14. Bg5 h6 15. Bxf6 Bxf6 16. Nd5 Bg7 17. Nf4 Bc4 18. e5 dxe5 19. Nxe5 Bxd3 20. Rxd3 Nc6 21. Nd7 Nd4 22. Rxd4 Bxd4 23. Nxf8 Kxf8 24. c3 Bg7 25. Rd1 Rd8 26. g3 Rxd1+ 27. Qxd1 Qc8 28. h4 Ke8 29. h5 g5 30. Nd5 e6 31. Ne3 Qc6 32. Qd3 Bf8 33. b4 b5 34. a3 Bg7 35. c4 bxc4 36. Nxc4 Ke7 37. a4 Qxa4 38. Qd6+ Ke8 39. Qb8+ Ke7 40. Qd6+ Ke8 41. Qb8+ Ke7 42. Qd6+ 1/2-1/2

[Event "SUNWAY"]
[Date "2016.12.23"]
[Round "9.2"]
[White "Shyam, Sundar M."]
[Black "Kamsky, Gata"]
[Result "0-1"]
[WhiteElo "2532"]
[BlackElo "2661"]
[ECO "B32"]
[WhiteFed "IND"]
[BlackFed "USA"]
[FCGameId "1753502694"]
[TimeControl "5400+30"]

1. e4 c5 2. Nf3 Nc6 3. d4 cxd4 4. Nxd4 Qb6 5. Nb3 Nf6 6. Nc3 e6 7. Qe2 Bb4 8. Bd2 O-O 9. e5 Bxc3 10. Bxc3 Nd5 11. Bd2 a5 12. c4 Ndb4 13. Be3 Qc7 14. a3 Na6 15. f4 d6 16. exd6 Qxd6 17. Qd2 Qc7 18. Be2 e5 19. O-O a4 20. Nc1 Rd8 21. Qc3 f6 22. c5 Be6 23. fxe5 Qxe5 24. Na2 Nc7 25. Qxe5 Nxe5 26. Rfc1 Nd5 27. Bd2 Ne7 28. Bc3 Nd3 29. Bxd3 Rxd3 30. Re1 Kf7 31. Nb4 Rd7 32. Rad1 Rad8 33. Rxd7 Rxd7 34. Re2 Rc7 35. Bd4 Nf5 36. Bf2 Rd7 37. h3 h5 38. Be1 Rd1 39. Kf2 h4 40. Rd2 Rb1 41. c6 bxc6 42. Nxc6 Bb3 43. Rd7+ Ke6 44. Rd3 Bc4 45. Nd8+ Ke7 46. Nc6+ Kf7 47. Rd2 Ng3 48. Rd4 Rxb2+ 49. Kf3 Be2+ 0-1

[Event "SUNWAY"]
[Date "2016.12.23"]
[Round "9.3"]
[White "Lopez Martinez, Josep Manuel"]
[Black "Ivanisevic, Ivan"]
[Result "1-0"]
[WhiteElo "2552"]
[BlackElo "2648"]
[ECO "B48"]
[WhiteFed "ESP"]
[BlackFed "SRB"]
[FCGameId "-630032454"]
[TimeControl "5400+30"]

1. e4 c5 2. Nf3 Nc6 3. d4 cxd4 4. Nxd4 Qc7 5. Nc3 e6 6. Be3 a6 7. Qf3 d6 8.  O-O-O Bd7 9. Qg3 Nf6 10. f3 Rc8 11. Nxc6 Bxc6 12. Bd3 b5 13. Kb1 Nd7 14. Rhe1  Nc5 15. Nd5 Qb7 16. Bd4 Nxd3 17. Rxd3 e5 18. Bxe5 dxe5 19. Qxe5+ Be7 20. Qxg7  Rf8 21. Qxh7 Bd8 22. Nf4 Bc7 23. e5 Ba5 24. Re2 Rd8 25. e6 Rxd3 26. cxd3 Bb4 27.  exf7+ Kd7 28. Qf5+ Kc7 29. Ne6+ Kb6 30. Nxf8 Bxf8 31. Re8 Ka5 32. Rxf8 Qe7 33.  Re8 Bxe8 34. fxe8=Q Qxe8 35. Qe4 Qh8 36. h4 Qh6 37. a3 Kb6 38. Qd4+ Ka5 39. Qd8+  Ka4 40. Qc7 b4 41. Qc4 a5 42. Ka2 1-0

[Event "SUNWAY"]
[Date "2016.12.23"]
[Round "9.4"]
[White "Van Foreest, Jorden"]
[Black "Romanov, Evgeny"]
[Result "0-1"]
[WhiteElo "2605"]
[BlackElo "2622"]
[ECO "C84"]
[WhiteFed "NED"]
[BlackFed "RUS"]
[FCGameId "-1633955867"]
[TimeControl "5400+30"]

1. e4 e5 2. Nf3 Nc6 3. Bb5 a6 4. Ba4 Nf6 5. O-O Be7 6. d3 d6 7. c3 O-O 8. Re1 Re8 9. Nbd2 b5 10. Bc2 Bb7 11. d4 Nd7 12. d5 Na7 13. Nf1 c6 14. Ne3 Nc8 15. a4 Ncb6 16. dxc6 Bxc6 17. a5 Nc4 18. Nf5 Nf8 19. b3 Nxa5 20. Ba3 Ng6 21. Nxe7+ Rxe7 22. Qxd6 Rd7 23. Qc5 Qc7 24. Qe3 Nb7 25. g3 a5 26. h4 Nf8 27. h5 h6 28. Red1 Rad8 29. Rxd7 Rxd7 30. Bc5 Nxc5 31. Qxc5 f6 32. Qa3 Qb7 33. Qxa5 Bxe4 34. Bxe4 Qxe4 35. Qa8 Qg4 36. Kg2 Qxh5 37. Qc6 Qf7 38. Qxb5 Rb7 39. Qc5 Qxb3 40. Ra8 Rf7 41. c4 Qb7 42. Qa3 g5 43. Kh2 Kg7 44. Rd8 Qc7 45. Qa8 Qxc4 46. Nd2 Qe2 47. Ne4 Qf3 48. Nd6 Qxf2+ 49. Kh1 Qf1+ 50. Kh2 Qf2+ 51. Kh3 h5 52. g4 hxg4+ 53. Kxg4 f5+ 54. Kh5 Qh4# 0-1

[Event "SUNWAY"]
[Date "2016.12.23"]
[Round "9.5"]
[White "Vocaturo, Daniele"]
[Black "Zubov, Alexander"]
[Result "1/2-1/2"]
[WhiteElo "2606"]
[BlackElo "2606"]
[ECO "C54"]
[WhiteFed "ITA"]
[BlackFed "UKR"]
[FCGameId "1244040243"]
[TimeControl "5400+30"]

1. e4 e5 2. Nf3 Nc6 3. Bc4 Bc5 4. c3 Nf6 5. d3 a6 6. Bb3 d6 7. h3 Ba7 8. Nbd2 Ne7 9. Nf1 Ng6 10. Ng3 h6 11. O-O O-O 12. d4 c5 13. Be3 Qc7 14. Qd2 Kh7 15. Bc2 Be6 16. Rfd1 Rfd8 17. d5 Bd7 18. Nf5 c4 19. Bxh6 Bxf5 20. exf5 gxh6 21. fxg6+ fxg6 1/2-1/2

[Event "SUNWAY"]
[Date "2016.12.23"]
[Round "9.6"]
[White "Postny, Evgeny"]
[Black "Narciso Dublan, Marc"]
[Result "1/2-1/2"]
[WhiteElo "2620"]
[BlackElo "2508"]
[ECO "A90"]
[WhiteFed "ISR"]
[BlackFed "ESP"]
[FCGameId "1786423528"]
[TimeControl "5400+30"]

1. d4 e6 2. c4 f5 3. g3 Nf6 4. Bg2 d5 5. Nh3 Bd6 6. O-O O-O 7. Qc2 c6 8. Bf4 Be7 9. Nd2 Na6 10. a3 h6 11. Be5 g5 12. Bxf6 Bxf6 13. e3 Nc7 14. Kh1 Ne8 15. f4 Nd6 16. Nf2 Bd7 17. Nd3 Rc8 18. Rac1 Ne4 19. b4 Rc7 20. Nf3 g4 21. Nfe5 h5 22. Nc5 Nxc5 23. bxc5 h4 24. Rf2 Bc8 25. Kg1 Rh7 26. Bf1 Kg7 27. Rg2 Rfh8 28. Bd3 hxg3 29. hxg3 Bxe5 30. fxe5 Rh1+ 31. Kf2 R8h3 32. Rxh1 Rxh1 33. Qd2 b6 34. cxb6 axb6 35. Rg1 Rh2+ 36. Rg2 Rxg2+ 37. Kxg2 c5 38. Kg1 Bb7 39. Bf1 dxc4 40. Bxc4 Qd7 41. Kf2 Kg6 42. Ke1 Qc6 43. dxc5 Qxc5 44. Qd4 Qxa3 45. Kf2 Qc1 46. Bxe6 Qc2+ 47. Ke1 Qc1+ 48. Kf2 Qc2+ 49. Ke1 Qc1+ 50. Kf2 Qc2+ 1/2-1/2

[Event "SUNWAY"]
[Date "2016.12.23"]
[Round "9.7"]
[White "Granda Zuniga, Julio E"]
[Black "Golubov, Saveliy"]
[Result "1-0"]
[WhiteElo "2646"]
[BlackElo "2490"]
[ECO "A52"]
[WhiteFed "PER"]
[BlackFed "RUS"]
[FCGameId "-461063776"]
[TimeControl "5400+30"]

1. d4 Nf6 2. c4 e5 3. dxe5 Ng4 4. Bf4 Nc6 5. Nc3 Ngxe5 6. e3 Bb4 7. Rc1 a5 8. a3 Bxc3+ 9. Rxc3 a4 10. c5 Qe7 11. Nf3 d6 12. cxd6 cxd6 13. Be2 O-O 14. O-O Be6 15. Nd4 Nxd4 16. Qxd4 Rfd8 17. Bb5 Nc6 18. Bxc6 bxc6 19. Rxc6 Bb3 20. Rfc1 d5 21. R1c5 Qe4 22. Be5 f6 23.  Qxe4 dxe4 24. Bd4 Bd5 25. Rc7 Be6 26. Re7 Rac8 27. Rc3 Rxc3 28. bxc3 Bd5 29. g4 h6 30. h3 Rb8 31. Ra7 Rb1+ 32. Kh2 Bb3 33. Kg3 Rg1+ 34. Kf4 Rg2 35. Kf5 Kh7 36. Kxe4 Rxf2 37. Kd3 Kg6 38. h4 h5 39. gxh5+ Kxh5 40. Rxg7 Kxh4 41. c4 f5 42. c5 Bd5 43. Ra7 Bc6 44. Rc7 Be4+ 45. Kc4 f4 46. Re7 Bc6 47. Re6 Bb7 48. c6 Ba6+ 49. Kb4 f3 50. c7 Bb7 51. Rb6 Rc2 52. Rxb7 f2 53. c8=Q Rxc8 54. Rf7 1-0

[Event "SUNWAY"]
[Date "2016.12.23"]
[Round "9.8"]
[White "Krysa, Leandro"]
[Black "Vorobiov, Evgeny E."]
[Result "0-1"]
[WhiteElo "2491"]
[BlackElo "2583"]
[ECO "E38"]
[WhiteFed "ARG"]
[BlackFed "RUS"]
[FCGameId "-1359567378"]
[TimeControl "5400+30"]

1. d4 Nf6 2. c4 e6 3. Nc3 Bb4 4. Qc2 c5 5. dxc5 Qc7 6. a3 Bxc5 7. b4 Be7 8. Nb5 Qc6 9. Nf3 d6 10. g4 h6 11. Rg1 e5 12. g5 hxg5 13. Nxg5 a6 14. Nxf7 Kxf7 15. Qg6+ Ke6 16. h4 Kd7 17. Bh3+ Kd8 18. Qxg7 Rh7 0-1

[Event "SUNWAY"]
[Date "2016.12.23"]
[Round "9.9"]
[White "Peralta, Fernando"]
[Black "Anurag, Mhamal"]
[Result "1/2-1/2"]
[WhiteElo "2574"]
[BlackElo "2423"]
[ECO "E29"]
[WhiteFed "ARG"]
[BlackFed "IND"]
[FCGameId "1340486131"]
[TimeControl "5400+30"]

1. d4 Nf6 2. c4 e6 3. Nc3 Bb4 4. e3 c5 5. Bd3 Nc6 6. a3 Bxc3+ 7. bxc3 O-O 8. Rb1  b6 9. e4 d5 10. cxd5 exd5 11. e5 Ne4 12. Ne2 Bg4 13. Bb2 Qg5 14. h4 Qh5 15. Qc2  cxd4 16. Bxe4 dxe4 17. cxd4 Rac8 18. Ng3 Nxe5 19. Qxe4 Nf3+ 20. gxf3 Qb5 21.  fxg4 Rfe8 22. Qxe8+ Rxe8+ 23. Kd2 Qa5+ 24. Bc3 Qxa3 25. Rhe1 Rxe1 26. Rxe1 Qa2+  27. Kd3 h6 28. Ne4 b5 29. Nd2 a5 30. Ra1 Qe6 31. Rxa5 1/2-1/2

[Event "SUNWAY"]
[Date "2016.12.23"]
[Round "9.10"]
[White "Romanishin, Oleg M"]
[Black "Epishin, Vladimir"]
[Result "1/2-1/2"]
[WhiteElo "2463"]
[BlackElo "2571"]
[ECO "A06"]
[WhiteFed "UKR"]
[BlackFed "RUS"]
[FCGameId "1871692546"]
[TimeControl "5400+30"]

1. Nf3 d5 2. g3 Nd7 3. d4 c6 4. Bg2 Ngf6 5. O-O g6 6. Bf4 Bg7 7. Qc1 O-O 8. c4 dxc4 9. Qxc4 Nd5 10. Bg5 h6 11. Bd2 N7f6 12. Qc1 Kh7 13. Nc3 Be6 14. Re1 Nxc3 15. bxc3 Bd5 16. Qc2 Ne4 17. Bf4 f5 18. Be5 Nf6 19. c4 Be4 20. Qb3 Qd7 21. a4 e6 22. Red1 Rad8 23. Bxf6 Bxf6 24. Ne5 Qg7 25. Bxe4 fxe4 26. Rab1 c5 27. e3 h5 28. Qc2 cxd4 29. exd4 Bxe5 30. dxe5 Rxd1+ 31. Qxd1 b6 32. Qd4 Rf5 33. Qxe4 Qxe5 34. Re1 Qxe4 1/2-1/2

[Event "SUNWAY"]
[Date "2016.12.23"]
[Round "9.11"]
[White "Burmakin, Vladimir"]
[Black "Liang, Awonder"]
[Result "1/2-1/2"]
[WhiteElo "2535"]
[BlackElo "2495"]
[ECO "A48"]
[WhiteFed "RUS"]
[BlackFed "USA"]
[FCGameId "136710718"]
[TimeControl "5400+30"]

1. d4 Nf6 2. Nf3 g6 3. Bf4 Bg7 4. e3 O-O 5. Be2 d6 6. O-O Nbd7 7. h3 c5 8. c3 b6 9. a4 a6 10. Qb3 Bb7 11. Rd1 cxd4 12. cxd4 Bd5 13. Qa3 b5 14. Nbd2 bxa4 15. Qxa4 Qb6 16. Bc4 Ra7 17. Qa5 Qb7 18. Bxa6 Qxb2 19. Rdb1 Qc2 20. Bd3 Rxa5 21. Bxc2 Rxa1 22. Rxa1 Rc8 23. Bd3 Rc3 24. Bb5 Rc7 25. Bg5 1/2-1/2

[Event "SUNWAY"]
[Date "2016.12.23"]
[Round "9.12"]
[White "Santos Ruiz, Miguel"]
[Black "Swapnil, S. Dhopade"]
[Result "1/2-1/2"]
[WhiteElo "2484"]
[BlackElo "2526"]
[ECO "B12"]
[WhiteFed "ESP"]
[BlackFed "IND"]
[FCGameId "1663230185"]
[TimeControl "5400+30"]

1. e4 c6 2. d4 d5 3. e5 Bf5 4. Nf3 e6 5. Be2 c5 6. Be3 cxd4 7. Nxd4 Ne7 8. O-O Nbc6 9. Bb5 a6 10. Bxc6+ bxc6 11. c4 Qd7 12. Nc3 dxc4 13. Na4 Nd5 14. Nxf5 exf5 15. Rc1 c3 16. Nxc3 Nxe3 17. fxe3 g6 18. e4 Qxd1 19. Nxd1 fxe4 20. Rxc6 Bg7 21. Rf4 Bxe5 22. Rxe4 Kd7 23. Rc2 Rhe8 24. Rd2+ Kc6 25. Nc3 Re7 26. Kf2 f5 27. Rc4+ Kb7 28. h3 Rc8 29. Rxc8 Kxc8 30. Nd5 Re6 31. Kf3 Rd6 32. Rc2+ Kb7 33. Ne3 Re6 34. Nc4 Bc7 35. Re2 Rxe2 36. Kxe2 Kc6 37. Kd3 Kc5 38. Kc3 Kd5 39. Kd3 Kc5  {-error} 1/2-1/2

[Event "SUNWAY"]
[Date "2016.12.23"]
[Round "9.13"]
[White "Lorenzo De La Riva, Lazaro"]
[Black "Del Rio De Angelis, Salvador G."]
[Result "0-1"]
[WhiteElo "2373"]
[BlackElo "2530"]
[ECO "A06"]
[WhiteFed "ESP"]
[BlackFed "ESP"]
[FCGameId "-790011599"]
[TimeControl "5400+30"]

1. Nf3 d5 2. g3 Nf6 3. Bg2 e6 4. O-O Be7 5. b3 c5 6. c4 d4 7. e3 Nc6 8. exd4 cxd4 9. Re1 Nd7 10. d3 e5 11. a3 a5 12. Nbd2 O-O 13. Ne4 Re8 14.  g4 Nf8 15. h3 Ng6 16. Ng3 Qc7 17. Ng5 Nd8 18. N5e4 Nh4 19. Ra2 Ra6 20. Rae2 Rg6 21. Nd2 Nxg2 22. Kxg2 Re6 23. Nde4 b6 24. Rf1 Bb7 25. f4 exf4 26. Bxf4 Qd7 27. a4 Nc6 28. Kh2 Nb4 29. Qd2 Bf8 30. Rfe1 Na6 31. Qc2 Qc6 32. Nf5 Nb4 33. Qd2 Nxd3 34. Qxd3 Rxe4 35. Rxe4 Rxe4 36. Rxe4 Qxe4 37. Qxe4 Bxe4 38. Nxd4 Bc5 39. Be3 f6 40. Kg3 g5 41. Kf2 Kf7 42. Nb5 Ke6 43. Nc3 Ke5 44. Ke2 Bg2 45.  Bxc5 bxc5 46. Ke3 Bxh3 47. Ne4 Bxg4 48. Nxc5 Bc8 49. Nd3+ Kd6 50. Kd4 h5 51. c5+ Kc7 52. b4 Bf5 53. bxa5 Bxd3 54. Kxd3 h4 55. Ke3 h3 56. Kf2 Kb7 57. Kg3 g4 58. Kh2 f5 59. Kg3 f4+ 60. Kh2 f3 61. Kg3 Ka7 62. c6 Ka6 0-1

[Event "SUNWAY"]
[Date "2016.12.23"]
[Round "9.14"]
[White "Aroshidze, Levan"]
[Black "Panelo, Marcelo"]
[Result "1/2-1/2"]
[WhiteElo "2517"]
[BlackElo "2372"]
[ECO "C95"]
[WhiteFed "ESP"]
[BlackFed "ARG"]
[FCGameId "-1880804706"]
[TimeControl "5400+30"]

1. e4 e5 2. Nf3 Nc6 3. Bb5 a6 4. Ba4 Nf6 5. O-O Be7 6. Re1 b5 7. Bb3 d6 8. c3 O-O 9. h3 Nb8 10. d4 Nbd7 11. Nbd2 Bb7 12. Bc2 Re8 13. a4 Bf8 14. Bd3 c6 15. b3 g6 16. Bb2 Nh5 17. Qc2 Nf4 18. Bf1 Bg7 19. g3 Ne6 20. b4 Nb6 21. axb5 axb5 22. Rxa8 Bxa8 23. dxe5 dxe5 24. c4 Nxc4 25. Nxc4 bxc4 26. Qxc4 Nd4 27. Nxd4 exd4 28. Bg2 Qb6 29. Rd1 Rd8 30. Rd2 Bb7 31. Qc5 Qxc5 1/2-1/2

[Event "SUNWAY"]
[Date "2016.12.23"]
[Round "9.15"]
[White "Henderson de La Fuente, Lance"]
[Black "Lemos, Damian"]
[Result "1/2-1/2"]
[WhiteElo "2378"]
[BlackElo "2516"]
[ECO "C68"]
[WhiteFed "ESP"]
[BlackFed "ARG"]
[FCGameId "1265637756"]
[TimeControl "5400+30"]

1. e4 e5 2. Nf3 Nc6 3. Bb5 a6 4. Bxc6 dxc6 5. O-O Bd6 6. d4 exd4 7. Qxd4 f6 8.  Be3 Ne7 9. Nbd2 Be6 10. Qc3 Qd7 11. Nc4 Bxc4 12. Qxc4 Ng6 13. Rad1 O-O-O 14. Nd4  Ne5 15. Qe2 g6 16. f3 Rhe8 17. Rfe1 Qf7 18. f4 Nc4 19. b3 Nxe3 20. Qxe3 Bc5 21.  c3 Bb6 22. Qh3+ Kb8 23. f5 gxf5 24. exf5 Bxd4+ 25. cxd4 Rxd4 26. Qf3 c5 27. h3  Red8 28. Rc1 R4d5 29. Re6 Qg7 30. Rce1 Qg5 31. Re8 Qd2 32. R1e2 Qd4+ 33. Kh2  Rxe8 34. Rxe8+ Ka7 35. Re7 Rxf5 36. Qg3 Rg5 37. Qxc7 Qd5 38. Re2 h5 39. Qf4 Rf5  40. Qg3 Qc6 41. Rd2 Rd5 42. Rf2 Rg5 43. Qf3 Qc7+ 44. Kg1 Re5 45. Kh2 Qc6 46. Kg1  Qd6 1/2-1/2

[Event "SUNWAY"]
[Date "2016.12.23"]
[Round "9.16"]
[White "Petrov, Nikita"]
[Black "Nihal Sarin"]
[Result "1/2-1/2"]
[WhiteElo "2512"]
[BlackElo "2340"]
[ECO "A05"]
[WhiteFed "RUS"]
[BlackFed "IND"]
[FCGameId "1482154366"]
[TimeControl "5400+30"]

1. Nf3 Nf6 2. c4 e6 3. Nc3 d5 4. d4 dxc4 5. e4 Bb4 6. Bxc4 Nxe4 7. O-O Nxc3 8. bxc3 Be7 9. Qe2 O-O 10. Rd1 Nd7 11. Rd3 b6 12. Ne5 Bb7 13. Nxf7 Rxf7 14. Qxe6 Qe8 15. Re3 Kf8 16. Bd2 Nf6 17. Rae1 Bd6 18. Qh3 Qc6 19. Bxf7 Kxf7 20. Qe6+ Kf8 21. Rf3 Bxh2+ 22. Kxh2 Qxe6 23. Rxe6 Bxf3 24. gxf3 Re8 25. Rc6 Re2 26. Bf4 Ne8 27. Bxc7 Nxc7 28. Rxc7 1/2-1/2

[Event "SUNWAY"]
[Date "2016.12.23"]
[Round "9.17"]
[White "Olivares Canelles, Francisco"]
[Black "Satyapragyan, Swayangsu"]
[Result "1/2-1/2"]
[WhiteElo "2336"]
[BlackElo "2462"]
[ECO "E43"]
[WhiteFed "CUB"]
[BlackFed "IND"]
[FCGameId "1249775345"]
[TimeControl "5400+30"]

1. d4 Nf6 2. c4 e6 3. Nc3 Bb4 4. e3 b6 5. Bd3 Bb7 6. Nf3 O-O 7. O-O c5 8. Na4  cxd4 9. a3 Be7 10. exd4 d5 11. Re1 Nbd7 12. Nc3 Rc8 13. cxd5 Nxd5 14. Ne4 N5f6  15. Ng3 Re8 16. Qe2 Bf8 17. Bg5 h6 18. Bd2 g6 19. Rad1 Bg7 20. h4 Qc7 21. h5 g5  22. Ne5 Nxe5 23. dxe5 Nd7 24. Bc3 Nc5 25. Bb1 Qc6 26. f3 Na4 27. Bb4 Qc4 28.  Qxc4 Rxc4 29. b3 Rxb4 30. axb4 Nc3 31. Rd7 Bd5 32. Bc2 Rc8 33. Nf1 Na2 34. Ne3  Nxb4 35. Nxd5 Nxd5 36. Bd3 Nf4 37. Bc4 Nxh5 38. Rxa7 Nf4 39. Rb7 Bf8 40. g3 Ng6  41. Kf1 Bc5 42. f4 gxf4 43. gxf4 Nxf4 44. Re4 Nh3 45. Rh4 Ng5 46. Rxh6 Ra8 47.  Rf6 Ra1+ 48. Ke2 Rg1 49. Rf4 Rg2+ 50. Kd3 Rg3+ 51. Kc2 Re3 52. b4 Bxb4 53. Bxe6  Nxe6 54. Rxb4 Rxe5 55. R7xb6 Kg7 56. Kd1 Kg6 57. R4b5 Rxb5 58. Rxb5 1/2-1/2

[Event "SUNWAY"]
[Date "2016.12.22"]
[Round "8.2"]
[White "Narciso Dublan, Marc"]
[Black "Sasikiran, Krishnan"]
[Result "1/2-1/2"]
[WhiteElo "2508"]
[BlackElo "2661"]
[ECO "E92"]
[WhiteFed "ESP"]
[BlackFed "IND"]
[FCGameId "1311104959"]
[TimeControl "5400+30"]

1. d4 Nf6 2. c4 g6 3. Nc3 Bg7 4. e4 d6 5. Be2 O-O 6. Nf3 e5 7. d5 a5 8. Bg5 h6 9. Bh4 Na6 10. Nd2 Bd7 11. O-O Qe8 12. Kh1 Nh7 13. a3 h5 14. f3 Bf6 15. Bxf6 Nxf6 16. Qe1 Qe7 17. Qf2 Kg7 18. Qe3 Rh8 19. Rf2 a4 20. Raf1 Raf8 21. Kg1 Nc5 22. h3 h4 23. f4 exf4 24. Rxf4 Nh5 25. Bxh5 Rxh5 26. Nb5 Bxb5 27. cxb5 b6 28. Nf3 Kg8 29. Nd4 f5 30. Ne6 Nxe6 31. exf5 Rhxf5 32. Rxf5 Rxf5 33. Rxf5 gxf5 34. dxe6 Kg7 35. Qd4+ Kg6 36. Qc4 Qg5 37. Qxc7 Qe3+ 38. Kf1 Qd3+ 39. Kg1 Qe3+ 40. Kf1 Qd3+ 41. Kg1 1/2-1/2

[Event "SUNWAY"]
[Date "2016.12.22"]
[Round "8.3"]
[White "Romanov, Evgeny"]
[Black "Shyam, Sundar M."]
[Result "1/2-1/2"]
[WhiteElo "2622"]
[BlackElo "2532"]
[ECO "D38"]
[WhiteFed "RUS"]
[BlackFed "IND"]
[FCGameId "-1173898735"]
[TimeControl "5400+30"]

1. d4 Nf6 2. c4 e6 3. Nf3 d5 4. Nc3 Bb4 5. Qa4+ Nc6 6. e3 O-O 7. Bd2 dxc4 8.  Bxc4 Bd6 9. Qc2 e5 10. dxe5 Nxe5 11. Nxe5 Bxe5 12. f4 Bd6 13. O-O-O Bg4 14. e4  Bxd1 15. Rxd1 Qe8 16. e5 Bxe5 17. fxe5 Qxe5 18. Rf1 c6 19. Bf4 Qc5 20. Bb3 Rad8  21. g4 Nxg4 22. Qg2 Ne5 23. Kb1 Ng6 24. Bg5 Rd3 25. h4 Qe5 26. Rg1 Rd4 27. h5  Nf4 28. Qg3 Nd3 29. Bh6 Qxg3 30. Rxg3 g6 31. hxg6 hxg6 32. Rxg6+ Kh7 33. Rf6 Re8  34. a3 Re1+ 35. Kc2 Ne5 36. Bd2 Rh1 37. Ne2 Rd7 38. Rf5 f6 39. Rf2 Ng4 40. Rg2  Rh2 41. Rxh2+ Nxh2 42. Be6 Re7 43. Nf4 Nf3 44. Bc3 Ne5 45. b4 Rg7 46. Bc8 b6 47.  Nh5 Rg2+ 48. Kb3 Nf3 49. Nxf6+ Kg6 50. Ne4 Re2 51. Bf5+ Kf7 52. Nd6+ Ke7 53.  Nc8+ Kd8 54. Nxa7 Kc7 55. b5 cxb5 56. Nxb5+ Kc6 57. a4 Kc5 58. Bb4+ Kc6 59. Kc4  Re5 60. Nd6 Ng5 61. Bd3 Re3 62. Nf5 Rh3 63. Nd4+ Kb7 64. Be7 Rg3 65. Bf5 Rg2 66.  Kd5 Nf7 67. Ke6 Rd2 68. Be4+ Ka6 69. Nc6 Re2 70. Kd5 Rd2+ 71. Kc4 Nd6+ 72. Bxd6  Rxd6 73. Kb4 Rh6 74. Bd5 Rh4+ 75. Bc4+ Kb7 76. Ne7 Rh5 77. Bd5+ Ka6 78. Bc4+ Kb7  79. Bb5 Kc7 80. Nc6 Rh4+ 81. Kc3 Rh3+ 82. Kc4 Kd6 83. Nb4 Rh4+ 84. Kc3 Kc5 85.  Nd3+ Kd5 86. Nb2 Kc5 87. Bd7 Kd6 88. Bc8 Kc5 89. Nd3+ Kd6 90. Kb3 Kc6 91. Be6 b5  92. a5 Ra4 93. Bd7+ Kxd7 94. Nc5+ Kc6 95. Nxa4 bxa4+ 96. Kxa4 Kc5 97. a6 Kb6 98.  a7 Kxa7 1/2-1/2

[Event "SUNWAY"]
[Date "2016.12.22"]
[Round "8.4"]
[White "Zubov, Alexander"]
[Black "Van Foreest, Jorden"]
[Result "1/2-1/2"]
[WhiteElo "2606"]
[BlackElo "2605"]
[ECO "D10"]
[WhiteFed "UKR"]
[BlackFed "NED"]
[FCGameId "-1067645492"]
[TimeControl "5400+30"]

1. d4 d5 2. c4 c6 3. Nc3 Nf6 4. e3 g6 5. Nf3 Bg7 6. Be2 O-O 7. O-O e6 8. b4 Nbd7 9. a4 Nb6 10. cxd5 exd5 11. b5 Re8 12. bxc6 bxc6 13. Ne5 Be6 14. Ba3 Nfd7 15. Nxd7 Qxd7 16. a5 Nc4 17. Bc5 Rab8 18. a6 Bf5 19. Re1 Nb2 20. Qd2 Bh6 21. Nb5 cxb5 22. Qxb2 b4 23. Qb3 Bf8 24. Ra5 Rec8 25. Rc1 Be6 26. h3 Qd8 27. Rb5 Bxc5 28. Rxb8 Rxb8 29. Rxc5 Qb6 30. h4 Rc8 31. Qc2 Qb8 32. Qb2 Rxc5 33. dxc5 b3 34. h5 gxh5 35. Bd3 Qb4 36. Qf6 b2 1/2-1/2

[Event "SUNWAY"]
[Date "2016.12.22"]
[Round "8.5"]
[White "Kamsky, Gata"]
[Black "Del Rio De Angelis, Salvador G."]
[Result "1-0"]
[WhiteElo "2661"]
[BlackElo "2530"]
[ECO "A40"]
[WhiteFed "USA"]
[BlackFed "ESP"]
[FCGameId "1133504603"]
[TimeControl "5400+30"]

1. d4 e6 2. Nf3 Nf6 3. Bf4 c5 4. e3 b6 5. Nbd2 Be7 6. h3 O-O 7. c3 Ba6 8. Bxa6 Nxa6 9. Qe2 Nb8 10. e4 d5 11. e5 Nfd7 12. h4 Qc8 13. Bg5 Re8 14. Bxe7 Rxe7 15. h5 h6 16. g4 Qa6 17. Rg1 Qxe2+ 18. Kxe2 Nc6 19. g5 hxg5 20. Rxg5 Kh7 21. Rag1 f6 22. exf6 gxf6 23. Rg6 e5 24. dxc5 Rf7 25. Nf1 Nxc5 26. Ne3 Ne7 27. Nh4 Ne6 28. Nef5 Nxf5 29. Nxf5 Ng5 30. Rh6+ Kg8 31. Ne3 Rd8 32. Ng4 Kg7 33. Rg6+ Kf8 34. Nxe5 1-0

[Event "SUNWAY"]
[Date "2016.12.22"]
[Round "8.6"]
[White "Ivanisevic, Ivan"]
[Black "Aroshidze, Levan"]
[Result "1-0"]
[WhiteElo "2648"]
[BlackElo "2517"]
[ECO "E00"]
[WhiteFed "SRB"]
[BlackFed "ESP"]
[FCGameId "-1613861602"]
[TimeControl "5400+30"]

1. d4 Nf6 2. c4 e6 3. Bg5 Bb4+ 4. Nd2 h6 5. Bh4 g5 6. Bg3 Ne4 7. Nf3 h5 8. Qc2 Nxd2 9. Nxd2 Nc6 10. d5 h4 11. dxc6 hxg3 12. fxg3 bxc6 13. e3 Rb8 14. a3 Bd6 15. Qc3 f6 16. Nf3 Bxg3+ 17. Kd2 Qe7 18. c5 d6 19. Bd3 Be5 20. Nxe5 dxe5 21. Kc2 Kf7 22. Raf1 Kg7 23. h4 Rxh4 24. g3 e4 25. gxh4 exd3+ 26. Kb1 g4 27. h5 Ba6 28. Rf4 e5 29. Rxg4+ Kh8 30. e4 Qd7 31. Rg2 1-0

[Event "SUNWAY"]
[Date "2016.12.22"]
[Round "8.7"]
[White "Vorobiov, Evgeny E."]
[Black "Romanishin, Oleg M"]
[Result "1/2-1/2"]
[WhiteElo "2583"]
[BlackElo "2463"]
[ECO "C58"]
[WhiteFed "RUS"]
[BlackFed "UKR"]
[FCGameId "-1767735974"]
[TimeControl "5400+30"]

1. e4 e5 2. Nf3 Nc6 3. Bc4 Nf6 4. Ng5 d5 5. exd5 Na5 6. Bb5+ c6 7. dxc6 bxc6 8. Bd3 h6 9. Ne4 Nd5 10. Ng3 g6 11. O-O Bg7 12. Re1 O-O 13. Bf1 c5 14. Nc3 Nf4 15. Na4 Qc7 16. Ne4 Ne6 17. c3 Nb7 18. c4 Nd6 19. d3 Rd8 20. Bd2 Bb7 21. Nac3 Nf5 22. Rc1 Qe7 23. a3 1/2-1/2

[Event "SUNWAY"]
[Date "2016.12.22"]
[Round "8.8"]
[White "Golubov, Saveliy"]
[Black "Peralta, Fernando"]
[Result "1/2-1/2"]
[WhiteElo "2490"]
[BlackElo "2574"]
[ECO "D04"]
[WhiteFed "RUS"]
[BlackFed "ARG"]
[FCGameId "1467136274"]
[TimeControl "5400+30"]

1. d4 Nf6 2. Nf3 d5 3. e3 c5 4. Bd3 Nc6 5. O-O Bg4 6. c3 e6 7. Nbd2 cxd4 8. exd4 Bd6 9. Re1 O-O 10. Nf1 Re8 11. Bg5 h6 12. Bh4 e5 13. dxe5 Nxe5 14. Be2 Nxf3+ 15. Bxf3 Rxe1 16. Qxe1 Bxf3 17. gxf3 Bf8 18. Qd2 Qb6 19. Bxf6 Qxf6 20. Qxd5 Qb6 21. Qd2 Rd8 22. Qe2 a5 23. Ng3 a4 24. a3 Rd5 25. Rc1 Qd8 26. Rc2 h5 27. Ne4 f5 28. Nd2 Rd6 29. f4 Qh4 30. Qf3 Rg6+ 31. Kh1 Bd6 32. Nf1 Qxf4 33. Qxf4 Bxf4 34. Ng3 Bxg3 35. hxg3 Kf7 36. Rd2 Rb6 37. Kg2 g5 38. Rd4 Rxb2 39. Rxa4 Rb3 40. Rc4 Rxa3 41. Rc7+ Ke6 42. Rxb7 Rxc3 43. Rb6+ Ke5 44. Rb5+ Ke6 1/2-1/2

[Event "SUNWAY"]
[Date "2016.12.22"]
[Round "8.9"]
[White "Epishin, Vladimir"]
[Black "Santos Ruiz, Miguel"]
[Result "1/2-1/2"]
[WhiteElo "2571"]
[BlackElo "2484"]
[ECO "A06"]
[WhiteFed "RUS"]
[BlackFed "ESP"]
[FCGameId "-1943214263"]
[TimeControl "5400+30"]

1. Nf3 d5 2. e3 Nf6 3. c4 e6 4. b3 c5 5. g3 d4 6. exd4 cxd4 7. Bg2 Nc6 8. O-O  Bd6 9. d3 O-O 10. Ba3 Qe7 11. Qc1 e5 12. c5 Bc7 13. b4 a5 14. b5 Nb4 15. Bxb4  axb4 16. Re1 Nd7 17. b6 Bb8 18. c6 Nxb6 19. Nxd4 Qd8 20. Nc2 Nd5 21. cxb7 Bxb7  22. Nd2 Ra7 23. Nc4 Qf6 24. Qd2 Bd6 25. d4 exd4 26. Nxd6 Qxd6 27. Qxd4 Ra5 28.  Rab1 Qc7 29. Nxb4 Nxb4 30. Rxb4 1/2-1/2